 Dungeon Crawl Stone Soup version 0.29-a0-359-g541a27f54d (webtiles) character file.

Game seed: 13587754383176772918

20056 Majang the Carver (level 12, -8/92 HPs)
             Began as a Vampire Gladiator on Apr 27, 2022.
             Was a High Priest of Okawaru.
             Mangled by a skeletal warrior
             ... wielding a +0 war axe
             ... led by a skeletal warrior
              (21 damage)
             ... on level 12 of the Dungeon.
             The game lasted 00:52:31 (10174 turns).

Majang the Carver (Vampire Gladiator)              Turns: 10174, Time: 00:52:31

Health: -8/92      AC: 22    Str: 13    XL:     12   Next: 42%
Magic:  10/16      EV: 24    Int: 15    God:    Okawaru [*****.]
Gold:   419        SH:  0    Dex: 22    Spells: 11/11 levels left

rFire   + . .      SeeInvis +   a - +6 great sword (protect)
rCold   + . .      Faith    .   (shield currently unavailable)
rNeg    . . .      Spirit   .   A - +5 ring mail "Eghomumu" {Int+3 Dex+3}
rPois   .          Reflect  .   c - +0 helmet
rElec   .          Harm     .   C - scarf {rC+ rF+}
rCorr   .          Rampage  .   i - +0 pair of gloves
Will    ++...                   (no boots)
Stlth   +++++++...              j - amulet of Foolhardiness {Regen+ Stlth+}
HPRegen 1.25/turn               h - +4 ring of evasion
MPRegen 0.15/turn               J - ring of willpower

@: heroic, finesse-ful, under a protective aura, healing quickly
A: alive, fangs 3, see invisible, vampiric 2
a: Exsanguinate, Renounce Religion, Heroism, Finesse, Duel


You were on level 12 of the Dungeon.
You worshipped Okawaru.
Okawaru was extremely pleased with you.
You visited 2 branches of the dungeon, and saw 13 of its levels.
You also visited: Sewer and Gauntlet.

You collected 639 gold pieces.
You spent 220 gold pieces at shops.

Inventory:

Hand Weapons
 a - a +6 great sword of protection (weapon)
 L - a +1 war axe of flaming
Missiles
 d - 3 throwing nets (quivered)
 E - 8 javelins
Armour
 c - a +0 helmet (worn)
 i - a +0 pair of gloves (worn)
 z - a +4 plate armour of cold resistance
 A - the +5 ring mail "Eghomumu" (worn) {Int+3 Dex+3}
   (You found it on level 2 of the Dungeon)

   Int:       It affects your intelligence (+3).
   Dex:       It affects your dexterity (+3).
 B - a +4 scale mail of cold resistance
 C - a scarf of resistance (worn)
 T - the +1 scale mail of Zaikhlouff {+Blink rF++ Will+ Dex-2}
   (You found it on level 11 of the Dungeon)

   Dex:       It affects your dexterity (-2).
   rF:        It greatly protects you from fire.
   +Blink:    It lets you blink.
   Will:      It increases your willpower.
Jewellery
 b - an amulet of faith
 e - a ring of protection from fire
 g - an amulet of the acrobat
 h - a +4 ring of evasion (left hand)
 j - the amulet of Foolhardiness (around neck) {Regen+ Stlth+}
   (You acquired it on level 7 of the Dungeon)

   [amulet of regeneration]

   Regen:     It increases your rate of health regeneration.
   Stlth:     It makes you more stealthy.
 k - a ring of protection from cold
 J - a ring of willpower (right hand)
 O - the ring "Vuhac" {Fly rCorr MP+9 Dex-4}
   (You found it in a Gauntlet)

   [ring of magical power]

   Dex:       It affects your dexterity (-4).
   MP:        It affects your magic capacity (+9).
   Fly:       It grants you flight.
   rCorr:     It protects you from acid and corrosion.
 Q - a ring of wizardry
 R - a ring of magical power
 S - a +4 ring of protection
Wands
 v - a wand of iceblast (33)
 x - a wand of polymorph (17)
 I - a wand of flame (53)
Scrolls
 l - 4 scrolls of identify
 m - a scroll of vulnerability
 o - 4 scrolls of fear
 q - 3 scrolls of teleportation
 w - a scroll of immolation
 y - 4 scrolls of blinking
 H - 3 scrolls of magic mapping
 P - 2 scrolls of enchant armour
Potions
 f - a potion of attraction
 n - a potion of flight
 p - 3 potions of brilliance
 r - 5 potions of haste
 s - a potion of magic
 t - a potion of resistance
 u - 2 potions of degeneration
 D - 2 potions of curing
 F - 3 potions of cancellation
 G - 2 potions of mutation
 K - 2 potions of lignification
 M - a potion of invisibility


   Skills:
 + Level 8.0(13.0) Fighting
 * Level 12.5(17.5) Long Blades
 - Level 1.5(6.5) Throwing
 + Level 5.5(10.5) Armour
 + Level 8.1(13.1) Dodging
 + Level 9.6(14.6) Stealth
 + Level 6.1 Invocations
 + Level 6.0 Evocations


You had 11 spell levels left.
You didn't know any spells.
Your spell library contained the following spells:

 Spells                   Type           Power      Damage    Failure   Level
 Magic Dart               Conj           0%         1d3       43%         1
 Shock                    Conj/Air       0%         1d3       43%         1
 Ensorcelled Hibernation  Hex/Ice        0%         N/A       58%         2
 Passwall                 Tmut/Erth      0%         N/A       58%         2
 Scorch                   Fire           0%         2d5       58%         2
 Searing Ray              Conj           0%         2d4       58%         2
 Static Discharge         Conj/Air       0%         N/A       58%         2
 Gell's Gravitas          Tloc           0%         N/A       82%         3
 Swiftness                Air            0%         N/A       82%         3
 Teleport Other           Tloc           0%         N/A       82%         3
 Airstrike                Air            0%         N/A       99%         4
 Cause Fear               Hex            0%         N/A       99%         4
 Flame Wave               Conj/Fire      0%         2d4       99%         4
 Fulminant Prism          Conj/Hex       0%         3d6       99%         4
 Passage of Golubria      Tloc           0%         N/A       99%         4
 Fireball                 Conj/Fire      0%         3d3       100%        5
 Lightning Bolt           Conj/Air       0%         1d11      100%        5
 Silence                  Hex/Air        0%         N/A       100%        5
 Dispersal                Tloc           0%         N/A       100%        6
 Starburst                Conj/Fire      0%         6d3       100%        6
 Dragon Form              Tmut           0%         N/A       100%        7
 Ignition                 Fire           0%         3d3       100%        8
 Lehudib's Crystal Spear  Conj/Erth      0%         10d2      100%        8
 Maxwell's Capacitive Co  Air            0%         ∞         100%        8
 Summon Cactus Giant      Summ           Unusable   N/A       N/A         6
 Dragon's Call            Summ           Unusable   N/A       N/A         9

Dungeon Overview and Level Annotations

Branches:
Dungeon (12/15)            Temple (1/1) D:7            Lair (0/6) D:9
  Sewer (visited)         Gauntlet (visited)
    Orc: D:9-12

Altars:
Okawaru
Ru
Wu Jian

Shops:
D:7 :(?

Annotations:
D:3 1 runed translucent door, Crazy Yiuf


Innate Abilities, Weirdness & Mutations

Your natural rate of healing is accelerated.
You have razor-sharp teeth.
You have supernaturally acute eyesight. (SInv)
You are afflicted with vampirism and can become a bat while bloodless.


Message History

The skeletal warrior barely misses you.
The skeletal warrior hits you with a +0 war axe.
The skeletal warrior hits you from afar with a +0 glaive!
You gain the combat prowess of a mighty hero.
The skeletal warrior hits you from afar with a +0 glaive!
The skeletal warrior closely misses you.
You can now deal lightning-fast blows.
The skeletal warrior hits you from afar with a +0 glaive!
* * * LOW HITPOINT WARNING * * *
The skeletal warrior completely misses you.
You slash the skeletal warrior!
Your weapon exudes an aura of protection.
The skeletal warrior is heavily damaged.
You closely miss the skeletal warrior.
The skeletal warrior is heavily damaged.
You hit the skeletal warrior.
The skeletal warrior is severely damaged.
The skeletal warrior hits you but does no damage.
The skeletal warrior hits you with a +0 war axe!
* * * LOW HITPOINT WARNING * * *
You closely miss the skeletal warrior.
You bite the skeletal warrior, but do no damage.
The skeletal warrior is severely damaged.
You closely miss the skeletal warrior.
The skeletal warrior is severely damaged.
The skeletal warrior misses you. The skeletal warrior barely misses you.
You hit the skeletal warrior.
The skeletal warrior is severely damaged.
You slice the skeletal warrior!!
The skeletal warrior is almost destroyed.
You hit the skeletal warrior but do no damage.
The skeletal warrior is almost destroyed.
The skeletal warrior completely misses you.
The skeletal warrior hits you from afar with a +0 glaive!
* * * LOW HITPOINT WARNING * * *
You feel much better.
The skeletal warrior hits you from afar with a +0 glaive!
* * * LOW HITPOINT WARNING * * *
The skeletal warrior hits you with a +0 war axe!!
You die...

............#............C
..................#####.<..#
............#...##†...#....#
###.######..#......##.#....#
#.##.# #.##########.#....#
#)##.# #.# #.#....# ##..##
#.# #.#....# .####
#.##########....## .†.##
#......@zzW......## ....#
###########.......## #...##
###### ##......$..####
##...# #....#
##.............. #...#
#....# #.....W.......#.
#...#
#....##................
#...#
#....#.................
#...#
#......................
#...##
#......................


You could see 2 skeletal warriors and a wraith.

Vanquished Creatures
  A minotaur (Gauntlet)
  A boulder beetle (D:12)
  A centaur warrior (D:12)
  A hell hog (Gauntlet)
  3 skeletal warriors (D:12)
  Pikel (D:7)
  A wizard (Gauntlet)
  2 cyclopes (D:11)
  Joseph (D:8)
  A minotaur zombie (Gauntlet)
  Psyche (D:10)
  Maggie (D:7)
  3 yaktaurs (D:12)
  A freezing wraith (D:11)
  5 trolls
  3 slime creatures (D:11)
  Prince Ribbit (D:7)
  A hornet (D:9)
  A wraith (D:11)
  4 shadows
  A spriggan (D:10)
  18 yaks
  Grum (D:8)
  A wyvern (D:9)
  A steam dragon (D:7)
  2 fire bats (Gauntlet)
  6 vampire mosquitoes
  An acid dragon (D:8)
  2 hell hounds (Gauntlet)
  A black bear (D:6)
  2 ice beasts (D:6)
  An orc warrior (D:10)
  A sky beast (D:7)
  2 ogres
  4 wolves (D:8)
  8 centaurs
  4 lemures (D:7)
  2 phantoms
  6 bullfrogs
  4 kobold brigands
  A necrophage (D:8)
  2 scorpions
  20 wights
  3 killer bees (D:9)
  An electric eel (D:11)
  3 howler monkeys
  5 orc priests
  2 hounds
  2 jellies
  A gnoll shaman (D:9)
  3 iguanas
  11 orc wizards
  Natasha (thrice) (D:3)
  7 gnolls
  8 adders
  A shadow imp (Gauntlet)
  2 ufetubi
  2 worms
  5 dart slugs
  36 orcs
  An endoplasm (Sewer)
  A giant cockroach (Sewer)
  6 goblins
  7 hobgoblins
  8 jackals
  2 quokkas
  6 ball pythons
  10 bats
  8 frilled lizards
  19 kobolds
  5 rats
293 creatures vanquished.

Notes
Turn   | Place    | Note
-------+----------+-------------------------------------------
     0 | D:1      | Majang the Vampire Gladiator began the quest for the Orb.
     0 | D:1      | Reached XP level 1. HP: 16/16 MP: 1/1
   101 | D:1      | Reached XP level 2. HP: 22/22 MP: 2/2
   736 | D:1      | Gained mutation: You are afflicted with vampirism and can
                  | become a bat while bloodless. [Vampire growth]
   736 | D:1      | Reached XP level 3. HP: 27/27 MP: 3/3
  1390 | D:2      | Reached skill level 4 in Long Blades
  1464 | D:2      | Found a faded altar of an unknown god.
  1520 | D:2      | You fall into a shaft and drop 2 floors!
  1574 | D:4      | Reached XP level 4. HP: 27/34 MP: 4/4
  1787 | D:2      | Identified the +5 ring mail "Eghomumu" {Int+3 Dex+3}
  2247 | D:3      | Noticed Natasha
  2257 | D:3      | Killed Natasha
  2258 | D:3      | Reached skill level 5 in Long Blades
  2316 | D:3      | Reached XP level 5. HP: 41/41 MP: 5/5
  2388 | D:3      | Identified the +7 mace of Hospitality {vorpal, Dex+3}
  2393 | D:3      | Found a runed translucent door.
  2394 | D:3      | Noticed Crazy Yiuf
  2477 | D:3      | Noticed Natasha
  2518 | D:3      | Killed Natasha
  2791 | D:3      | Noticed Natasha
  2802 | D:3      | Killed Natasha
  3045 | D:4      | Reached XP level 6. HP: 45/47 MP: 6/6
  3121 | D:4      | Identified the +0 scale mail of Weightlessness {Str+4}
  3214 | D:5      | Entered Level 5 of the Dungeon
  3224 | D:5      | Reached skill level 6 in Long Blades
  3402 | D:5      | Reached XP level 7. HP: 54/54 MP: 7/7
  3444 | D:5      | Found an iron altar of Okawaru.
  3485 | D:5      | Found a glowing drain.
  3503 | Sewer    | Entered a sewer
  3533 | Sewer    | Reached skill level 7 in Long Blades
  3933 | D:5      | Reached skill level 5 in Fighting
  4177 | D:5      | Became a worshipper of Warmaster Okawaru
  4256 | D:6      | Reached skill level 8 in Long Blades
  4283 | D:6      | Reached XP level 8. HP: 56/62 MP: 8/8
  4306 | D:6      | Reached skill level 1 in Invocations
  4324 | D:6      | Reached skill level 1 in Armour
  4324 | D:6      | Reached skill level 1 in Evocations
  4328 | D:6      | Reached * piety under Okawaru
  4522 | D:6      | HP: 2/58 [wight/+0 halberd (3)]
  4653 | D:6      | Reached skill level 1 in Stealth
  4913 | D:6      | Found an ornate altar of the Wu Jian Council.
  4921 | D:6      | Reached ** piety under Okawaru
  4951 | D:6      | Found a sacrificial altar of Ru.
  4960 | D:6      | Identified the +6 quarterstaff "Newtbane" {flame, Str+3}
  5080 | D:6      | Reached XP level 9. HP: 58/68 MP: 10/10
  5413 | D:7      | Identified a scroll of acquirement
  5413 | D:7      | Acquired the amulet of Foolhardiness {Regen+ Stlth+}
  5472 | D:7      | Found Ahuaxeah's Magic Scroll Boutique.
  5476 | D:7      | Bought a scroll of enchant weapon for 97 gold pieces
  5476 | D:7      | Bought a scroll of identify for 26 gold pieces
  5476 | D:7      | Bought a scroll of blinking for 97 gold pieces
  5657 | D:7      | Reached skill level 9 in Long Blades
  5897 | D:7      | Found Ylih's Weapon Emporium.
  5918 | D:7      | Noticed Prince Ribbit
  5922 | D:7      | Killed Prince Ribbit
  5923 | D:7      | Reached skill level 5 in Dodging
  5962 | D:7      | Reached *** piety under Okawaru
  5969 | D:7      | Noticed Maggie
  5985 | D:7      | Killed Maggie
  5986 | D:7      | Reached XP level 10. HP: 62/76 MP: 12/12
  6014 | D:7      | Found a staircase to the Ecumenical Temple.
  6022 | Temple   | Entered the Ecumenical Temple
  6074 | D:7      | Noticed Pikel
  6104 | D:7      | Killed Pikel
  6104 | D:7      | Reached **** piety under Okawaru
  6105 | D:7      | Reached skill level 10 in Long Blades
  6105 | D:7      | Reached skill level 5 in Stealth
  6253 | D:7      | Found Raeh Oto's Book Shop.
  6917 | D:8      | Noticed Grum
  6934 | D:8      | Killed Grum
  6942 | D:8      | Reached ***** piety under Okawaru
  6994 | D:8      | Noticed Joseph
  7011 | D:8      | Killed Joseph
  7468 | D:9      | Found a staircase to the Lair.
  7878 | D:9      | Reached XP level 11. HP: 83/83 MP: 11/14
  7905 | D:10     | Entered Level 10 of the Dungeon
  8120 | D:10     | Noticed a two-headed ogre
  8123 | D:10     | a two-headed ogre changed into a spriggan
  8209 | D:10     | Noticed Psyche
  8220 | D:10     | Killed Psyche
  8221 | D:10     | Reached skill level 11 in Long Blades
  8346 | D:10     | Received a gift from Okawaru
  8690 | D:11     | Found a gate leading to a gauntlet.
  8699 | Gauntlet | Entered a Gauntlet
  8699 | Gauntlet | Noticed a wizard
  8699 | Gauntlet | Found a transporter.
  8704 | Gauntlet | Found a transporter.
  8708 | Gauntlet | Found a runed translucent door.
  8716 | Gauntlet | Found a runed translucent door.
  8720 | Gauntlet | Found a transporter.
  8722 | Gauntlet | Found a transporter.
  8724 | Gauntlet | Noticed a hell hog
  8731 | Gauntlet | Found a transporter.
  8744 | Gauntlet | Found a transporter.
  8746 | Gauntlet | Noticed a dire elephant
  8751 | Gauntlet | Found a transporter.
  8771 | Gauntlet | Found a transporter.
  8778 | Gauntlet | Found a transporter.
  8787 | Gauntlet | Found a transporter.
  8797 | Gauntlet | Found a transporter.
  8797 | Gauntlet | Found a transporter.
  8804 | Gauntlet | Noticed a large abomination
  8826 | Gauntlet | Found a transporter.
  8830 | Gauntlet | Found a transporter.
  8907 | Gauntlet | Killed a wizard
  8908 | Gauntlet | Reached skill level 5 in Invocations
  8922 | Gauntlet | Identified the +3 barding of the Rose {rN+ Regen+ Str+3}
  8941 | Gauntlet | Reached skill level 5 in Evocations
  9000 | Gauntlet | Killed a hell hog
  9012 | Gauntlet | Identified the ring "Vuhac" {Fly rCorr MP+9 Dex-4}
  9039 | Gauntlet | Identified the +9 quarterstaff of the Lumpy Runes {elec,
                  | Int+7}
  9039 | Gauntlet | Noticed a minotaur
  9051 | Gauntlet | Killed a minotaur
  9079 | Gauntlet | Identified the +12 short sword of Uguajuh {holy, *Noise
                  | rElec Str+8 Int+5}
  9370 | D:11     | Reached skill level 5 in Armour
  9460 | D:11     | Reached skill level 12 in Long Blades
  9566 | D:11     | Identified the +1 scale mail of Zaikhlouff {+Blink rF++
                  | Will+ Dex-2}
  9832 | D:12     | Noticed a skeletal warrior
  9855 | D:12     | Killed a skeletal warrior
  9856 | D:12     | Reached XP level 12. HP: 69/90 MP: 14/16
  9892 | D:12     | Noticed a boulder beetle
  9919 | D:12     | Killed a boulder beetle
  9960 | D:12     | Noticed a centaur warrior
  9962 | D:12     | Killed a centaur warrior
 10174 | D:12     | Mangled by a skeletal warrior

Illustrated notes

Levels and vault maps discovered:
D:1:      shiori_arrival_maze, layout_loops_ring, serial_rivers,
          chequers_serial_rivers_large_a, chequers_serial_rivers_micro_a,
          chequers_serial_rivers_large_b, chequers_serial_rivers_micro_d,
          minmay_hexomino_u4
D:2:      layout_basic, hellmonk_ecumenical_altar_lost_god
D:3:      layout_basic, serial_bayou_crossing, uniq_natasha,
          uniq_crazy_yiuf_cottage
D:4:      layout_cave_pools
D:5:      layout_rooms, kennysheep_okawaru_gauntlet,
          cheibrodos_sewer_entry_sluice
D:6:      layout_loops_ring, mainiacjoe_overflow_two_lobes
D:7:      layout_loops_ring, minmay_temple_entry_grid, serial_shops,
          nicolae_lakefront_shop, shop, shop, chequers_mini_garden,
          chequers_serial_rivers_micro_c, minmay_misc_feat_ornament,
          uniq_prince_ribbit1, uniq_pikel, uniq_maggie
D:8:      layout_loops_ring, chequers_garden, uniq_joseph, uniq_grum
D:9:      layout_rooms, lair_entry_dummy, grunt_decor_arrowhead
D:10:     layout_gridville, minmay_splitting_lines, uniq_psyche
D:11:     layout_irregular_city, gauntlet_entry_generic, minivault_14,
          kennysheep_generic_room_9
D:12:     minmay_wavy_crystal, layout_basic, david_orc_2
Temple:   mainiacjoe_temple_bowtie_tessellation

Skill      XL: |  1  2  3  4  5  6  7  8  9 10 11 12 |
---------------+-------------------------------------+-----
Fighting       | 2 3 4 5 6 7 8 |  8.0
Long Blades    | 4 5 6 8 9 10 12 | 12.5
Invocations    | 2 3 4 5 6 |  6.1
Armour         | 2 3 4 5 |  5.5
Evocations     | 2 3 4 5 6 |  6.0
Dodging        | 4 5 6 7 8 |  8.1
Stealth        | 2 4 6 8 9 |  9.6
Throwing       | |  1.5

Action                   |  1- 3 |  4- 6 |  7- 9 | 10-12 || total
-------------------------+-------+-------+-------+-------++-------
Melee: Long sword        |    79 |   144 |    99 |       ||   322
       Bite              |     6 |    19 |    39 |    61 ||   125
       Punch             |     1 |       |       |       ||     1
       Unarmed           |       |     4 |       |       ||     4
       Great sword       |       |       |   141 |   470 ||   611
Throw: Javelin           |       |     1 |     1 |       ||     2
       Throwing net      |       |     1 |       |       ||     1
Invok: Heroism           |       |       |     3 |     9 ||    12
       Finesse           |       |       |       |     2 ||     2
Evoke: Wand              |       |       |       |     6 ||     6
  Use: Scroll            |       |     1 |    13 |    14 ||    28
       Potion            |       |       |     5 |     6 ||    11
 Stab: Sleeping          |     5 |       |     1 |    13 ||    19
       Held in net/web   |       |     2 |       |       ||     2
       Invisible         |       |       |     6 |       ||     6
       Distracted        |       |       |       |     2 ||     2
Armor: Leather armour    |    21 |       |       |       ||    21
       Ring mail         |     5 |    61 |    98 |   143 ||   307
       Skin              |       |     1 |       |       ||     1
       Plate armour      |       |       |       |    26 ||    26
Dodge: Dodged            |    45 |   125 |   225 |   434 ||   829

Table legend: (Time is in decaauts)
 A = Elapsed time spent in this place.
 B = Non-inter-level travel time spent in this place.
 C = Inter-level travel time spent in this place.
 D = Time resting spent in this place.
 E = Time spent auto-exploring this place.
 F = Levels seen in this place.
 G = Mean time per level.
                   A        B        C        D        E       F      G
               +--------+--------+--------+--------+--------+-----+--------+
         Total |  10394 |  10074 |    320 |   1129 |   5129 |  15 |  692.9 |
       Dungeon |   9693 |   9373 |    320 |   1072 |   5129 |  12 |  807.8 |
        Temple |      1 |      1 |      0 |      0 |      0 |   1 |    1.0 |
         Sewer |    305 |    305 |      0 |     30 |      0 |   1 |  305.0 |
      Gauntlet |    393 |    393 |      0 |     27 |      0 |   1 |  393.0 |
               +--------+--------+--------+--------+--------+-----+--------+

Top non-repeatable levels by time:
     D:7: 1181 daAuts
     D:1: 1157 daAuts
     D:6: 1072 daAuts
     D:8: 949 daAuts
     D:3: 907 daAuts
     D:2: 882 daAuts
    D:11: 766 daAuts
    D:10: 732 daAuts
     D:5: 608 daAuts
     D:9: 531 daAuts
     D:4: 517 daAuts
Gauntlet: 393 daAuts
    D:12: 385 daAuts
   Sewer: 305 daAuts
  Temple: 1 daAuts
